 Dungeon Crawl Stone Soup version 0.29.1-12-g30fa7ad0bf (webtiles) character file.

Game seed: 13482771971498928451

224 IcyTea the Cudgeller (level 5, -3/75 HPs)
             Began as a Troll Berserker on Dec 23, 2022.
             Was a Believer of Trog.
             Slain by a worm (9 damage)
             ... on level 3 of the Dungeon.
             The game lasted 00:07:37 (2280 turns).

IcyTea the Cudgeller (Troll Berserker)              Turns: 2280, Time: 00:07:38

Health: -3/75      AC:  4    Str: 27    XL:     5   Next: 67%
Magic:  4/4        EV: 10    Int:  3    God:    Trog [**....]
Gold:   8          SH:  0    Dex:  9    Spells: 4/4 levels left

rFire   . . .      SeeInvis .   a - +6 giant spiked club
rCold   . . .      Faith    .   (shield currently unavailable)
rNeg    . . .      Spirit   .   b - +0 animal skin
rPois   .          Reflect  .   (helmet restricted)
rElec   .          Harm     .   h - scarf {shadows}
rCorr   .          Rampage  .   (gloves unavailable)
Will    .....                   (boots unavailable)
Stlth   ..........              (no amulet)
HPRegen 1.02/turn               (no ring)
MPRegen 0.09/turn               (no ring)

@: berserking, very quick
A: large, unfitting armour, claws 3, regeneration 1, shaggy fur 1, tough skin 1
a: Renounce Religion, Berserk, Trog's Hand


You were on level 3 of the Dungeon.
You worshipped Trog.
Trog was pleased with you.
You visited 1 branch of the dungeon, and saw 4 of its levels.

You collected 130 gold pieces.
You spent 122 gold pieces at shops.

Inventory:

Hand Weapons
 a - a +6 giant spiked club (weapon)
 k - a +3 vorpal flail
Missiles
 c - 6 boomerangs (quivered)
 u - 3 poisoned darts
Armour
 b - a +0 animal skin (worn)
 h - a scarf of shadows (worn)
Jewellery
 j - a ring of ice
Wands
 v - a wand of light (12)
Scrolls
 d - 2 scrolls of poison
 i - a scroll of enchant armour {unknown}
 l - 2 scrolls of amnesia {unknown}
 o - 2 scrolls of vulnerability {unknown}
 p - 2 scrolls of teleportation
 q - a scroll of blinking {unknown}
 r - a scroll of immolation {unknown}
 t - a scroll of fear {unknown}
 w - a scroll of identify
 x - 2 scrolls of noise {unknown}
 y - a scroll of magic mapping {unknown}
Potions
 e - 2 potions of curing
 g - 2 potions of heal wounds
 m - a potion of mutation {unknown}
 n - a potion of attraction {unknown}
 s - a potion of ambrosia {unknown}
 z - a potion of resistance {unknown}


   Skills:
 - Level 2.4 Fighting
 + Level 5.9 Maces & Flails
 - Level 2.4 Dodging


You had 4 spell levels left.
You didn't know any spells.
Your spell library was empty.

Dungeon Overview and Level Annotations

Branches:
Dungeon (4/15)
 Temple: D:4-7

Altars:
Kikubaaqudgha

Shops:
D:1 (

Annotations:
D:3 1 runed translucent door, Crazy Yiuf


Innate Abilities, Weirdness & Mutations

You are too large for most types of armour.
You have claws for hands.
Your natural rate of healing is unusually fast.
You are covered in fur. (AC +1)
You have tough skin. (AC +1)


Message History

You sock the worm!
The worm is heavily wounded.
The kobold hits you with a +0 whip. The kobold closely misses you.
The worm barely misses you.
You sock the kobold!
You kill the kobold!
Trog accepts your kill. The kobold hits you with a +0 dagger.
The worm bites you!
* * * LOW HITPOINT WARNING * * *
The kobold hits you with a +0 dagger.
* * * LOW HITPOINT WARNING * * *
Your skin crawls.
You feel strong-willed. The kobold hits you but does no damage.
The worm barely misses you.
You closely miss the kobold. The kobold closely misses you.
You completely miss the kobold. The kobold barely misses you.
The worm bites you. The kobold misses you.
You barely miss the kobold. The kobold hits you with a +0 dagger.
The worm bites you.
* * * LOW HITPOINT WARNING * * *
You closely miss the kobold.
You feel the effects of Trog's Hand fading.
The kobold hits you with a +0 dagger.
* * * LOW HITPOINT WARNING * * *
The worm bites you.
* * * LOW HITPOINT WARNING * * *
The kobold hits you with a +0 dagger.
* * * LOW HITPOINT WARNING * * *
You barely miss the kobold. The kobold hits you but does no damage.
The worm completely misses you.
You closely miss the kobold. The kobold hits you with a +0 dagger.
* * * LOW HITPOINT WARNING * * *
The worm bites you!
* * * LOW HITPOINT WARNING * * *
The kobold barely misses you.
A red film seems to cover your vision as you go berserk!
You feel yourself moving faster!
You feel mighty!
Your skin stops crawling.
You feel less strong-willed. The kobold barely misses you. The worm bites you!
You die...

##### #...# #...# #...# #...#
#...################
#..................#
##'###############.# ######.#
#@w........#.# #...##.#
#K)#######.#.#
######...##.####....# #.#.#
....)...............### #.#.#
#.####...##.####......###.#.#####
#.####...##.# ###...............
#.#.......#.# ##.##...#........
#.#.##....#.# #................
#.#.#.....#'###########.##.......


You could see a worm and a kobold.

Vanquished Creatures
  A hound (D:4)
  Jessica (D:3)
  2 orc wizards (D:4)
  Robin (D:3)
  3 worms (D:2)
  4 dart slugs
  3 orcs
  7 endoplasms
  3 giant cockroaches
  8 hobgoblins
  2 quokkas (D:2)
  8 ball pythons
  5 bats
  2 frilled lizards (D:1)
  17 goblins
  10 kobolds
  7 rats
84 creatures vanquished.

Vanquished Creatures (others)
  A withered plant (D:3)
1 creature vanquished.

Grand Total: 85 creatures vanquished

Notes
Turn   | Place    | Note
-------+----------+-------------------------------------------
     0 | D:1      | IcyTea the Troll Berserker began the quest for the Orb.
     0 | D:1      | Reached XP level 1. HP: 22/22 MP: 0/0
    91 | D:1      | Reached skill level 3 in Maces & Flails
   226 | D:1      | Reached XP level 2. HP: 24/29 MP: 1/1
   237 | D:1      | Found Mufoulau's Antique Weapon Shop.
   418 | D:1      | Found a faded altar of an unknown god.
   424 | D:1      | Reached XP level 3. HP: 36/36 MP: 2/2
   526 | D:1      | Reached skill level 4 in Maces & Flails
   751 | D:2      | Reached ** piety under Trog
  1149 | D:2      | Reached XP level 4. HP: 30/44 MP: 3/3
  1547 | D:3      | Found an ancient bone altar of Kikubaaqudgha.
  1633 | D:3      | Noticed Robin
  1657 | D:3      | Killed Robin
  1816 | D:3      | Noticed Jessica
  1826 | D:3      | Killed Jessica
  1827 | D:3      | Reached skill level 5 in Maces & Flails
  1831 | D:3      | Reached XP level 5. HP: 50/50 MP: 4/4
  2035 | D:3      | Found a runed translucent door.
  2036 | D:3      | Noticed Crazy Yiuf
  2069 | D:4      | Reached *** piety under Trog
  2189 | D:1      | Bought a runed giant spiked club for 122 gold pieces
  2280 | D:3      | Slain by a worm

Illustrated notes

Levels and vault maps discovered:
D:1:      ncdulo_smallfort, layout_loops_ring, serial_shops, nicolae_shop_stone,
          shapermc_ecumenical_altar_pompeii
D:2:      minmay_razor_zed, layout_rooms, minmay_cupped
D:3:      layout_basic, kiku_gazebo_garden_becter, uniq_jessica, uniq_robin,
          uniq_crazy_yiuf_cottage
D:4:      layout_basic, lemuel_tele_altar, grunt_ministairs_1,
          nicolae_wooded_promenade, grunt_decor_arrowhead, st_stairs_10,
          nrook_mini_backslash, uniq_blork_the_orc

Skill      XL: |  1  2  3  4 |
---------------+-------------+-----
Maces & Flails | 3 4 5 |  5.9
Fighting       | |  2.4
Dodging        | |  2.4

Action                   |  1- 3 |  4- 6 || total
-------------------------+-------+-------++-------
Melee: Mace              |   153 |    14 ||   167
       Punch             |     1 |       ||     1
       Flail             |       |    69 ||    69
       Giant spiked club |       |    13 ||    13
Invok: Berserk           |       |     2 ||     2
       Trog's Hand       |       |     2 ||     2
  Use: Scroll            |       |     7 ||     7
       Potion            |       |     1 ||     1
 Stab: Sleeping          |     1 |       ||     1
Armor: Animal skin       |    48 |    45 ||    93
Dodge: Dodged            |    84 |    73 ||   157
